 Dungeon Crawl Stone Soup version 0.28-a0-1510-gd0f6b136d3 (webtiles) character file.

Game seed: 15480700776422857472

153 croobank the Covert (level 5, -8/47 HPs)
             Began as a Gnoll Delver on Jan 14, 2022.
             Was a Believer of Fedhas.
             Killed from afar by a white imp (13 damage)
             ... with a puff of frost
             ... on level 3 of the Dungeon.
             The game lasted 00:12:56 (3229 turns).

croobank the Covert (Gnoll Delver)                  Turns: 3229, Time: 00:12:56

Health: -8/47      AC:  3    Str: 12    XL:     5   Next: 35%
Magic:  7/7        EV: 13    Int: 11    God:    Fedhas [**....]
Gold:   168        SH:  0    Dex: 13    Spells: 6/6 levels left

rFire   . . .      SeeInvis .   a - +1 hand axe
rCold   . . .      Faith    .   (no shield)
rNeg    . . .      Spirit   .   w - +0 leather armour
rPois   .          Reflect  .   (no helmet)
rElec   .          Harm     .   (no cloak)
rCorr   .          Rampage  .   (no gloves)
Will    .....                   (no boots)
Stlth   ++++......              e - amulet of regeneration
HPRegen 0.95/turn               (no ring)
MPRegen 0.10/turn               (no ring)

@: no status effects
A: fangs 1, strong nose, distributed training
a: Renounce Religion, Wall of Briars


You were on level 3 of the Dungeon.
You worshipped Fedhas.
Fedhas was pleased with you.
You visited 1 branch of the dungeon, and saw 5 of its levels.

You collected 168 gold pieces.

Inventory:

Hand Weapons
 a - a +1 hand axe (weapon)
 b - a +0 hunting sling
 o - a +0 rapier
 v - a +0 dagger of speed
 A - a +0 war axe
Missiles
 h - 169 stones (quivered)
 i - 50 bolts
 n - 6 curare-tipped darts
 p - 31 arrows
 u - 13 sling bullets
Armour
 l - a +0 tower shield
 m - a +0 scale mail
 w - a +0 leather armour (worn)
Jewellery
 e - an amulet of regeneration (around neck)
Wands
 g - a wand of digging (3)
 B - a wand of flame (18)
Scrolls
 c - 2 scrolls of fog
Potions
 f - a potion of haste
 j - a potion of attraction {unknown}
 k - 3 potions of degeneration {unknown}
 q - a potion of magic {unknown}
 r - 2 potions of lignification {unknown}
 s - 2 potions of heal wounds {unknown}
 t - a potion of invisibility {unknown}
 z - a potion of flight {unknown}


   Skills:
 + Level 6.7 Fighting
 + Level 1.4 Short Blades
 + Level 1.4 Long Blades
 + Level 4.8 Axes
 + Level 1.4 Maces & Flails
 + Level 1.4 Polearms
 + Level 1.4 Staves
 + Level 1.4 Slings
 + Level 1.4 Bows
 + Level 1.4 Crossbows
 + Level 1.4 Throwing
 + Level 1.4 Armour
 + Level 4.8 Dodging
 + Level 9.7 Stealth
 + Level 1.4 Shields
 + Level 1.4 Unarmed Combat
 + Level 1.4 Spellcasting
 + Level 1.1 Conjurations
 + Level 1.1 Hexes
 + Level 1.1 Summonings
 + Level 1.1 Necromancy
 + Level 1.1 Translocations
 + Level 1.1 Transmutations
 + Level 1.1 Fire Magic
 + Level 1.1 Ice Magic
 + Level 1.1 Air Magic
 + Level 1.1 Earth Magic
 + Level 1.1 Poison Magic
 + Level 1.6 Invocations
 + Level 1.4 Evocations


You had 6 spell levels left.
You didn't know any spells.
Your spell library was empty.

Dungeon Overview and Level Annotations

Branches:
Dungeon (5/15)
 Temple: D:4-7

Altars:
Fedhas
Gozag
Hepliaklqana

Shops:
D:3 [


Innate Abilities, Weirdness & Mutations

You have very sharp teeth.
Your uncanny sense of smell can sniff out nearby items.
Your experience applies equally to all skills.


Message History

You barely miss the white imp. Your bite misses the white imp.
The white imp is lightly wounded.
The white imp barely misses you.
You hit the white imp.
The white imp is moderately wounded.
The white imp gestures at you. The puff of frost hits you!
You hit the white imp.
The white imp is heavily wounded.
The white imp misses you.
You hit the white imp.
The white imp is almost dead.
The white imp gestures at you. The puff of frost hits you.
You hit the white imp but do no damage.
The white imp is almost dead.
The white imp gestures at you. The puff of frost hits you!
* * * LOW HITPOINT WARNING * * *
You hit the white imp but do no damage.
The white imp is almost dead.
The white imp barely misses you.
You hit the white imp but do no damage.
You bite the white imp, but do no damage.
The white imp is almost dead.
The white imp gestures at you. The puff of frost hits you.
* * * LOW HITPOINT WARNING * * *
You hit the white imp but do no damage.
The white imp is almost dead.
The white imp hits you.
* * * LOW HITPOINT WARNING * * *
The white imp freezes you.
* * * LOW HITPOINT WARNING * * *
You hit the white imp but do no damage.
The white imp is almost dead.
The white imp gestures at you. The puff of frost hits you!
You die...
Fedhas appreciates your contribution to the ecosystem.

*,*,,,*,,,,....##.## #.#
*,**,,.......c.....# #.#
*,****#.#..#...###.# #.#
*,* #.#..#..####.######.#
*,***##.#.................#
*,,,,∆..##.#..####.########
******#.##.#,.# #.#
##.##.#..####.#
#....@5.......########
#.#####..#####........ #.#
*,.# #.######.
##)#####..#** #.# #.
#.........,,###.######.
#..#..##..*,........##.
#####
#..#..#*<..***#........
#...###..#..#....,*
#####.###
#.#..............** #.#


You could see a white imp.

Vanquished Creatures
  A jelly (D:3)
  Jessica (D:3)
  2 gnolls (D:2)
  An adder (D:2)
  2 worms
  A dart slug (D:1)
  6 endoplasms
  4 giant cockroaches
  8 goblins
  4 hobgoblins
  9 kobolds
  3 quokkas
  2 ball pythons
  4 bats
  7 frilled lizards
  4 rats
59 creatures vanquished.

Vanquished Creatures (collateral kills)
  A ball python (D:2)
1 creature vanquished.

Grand Total: 60 creatures vanquished

Notes
Turn   | Place    | Note
-------+----------+-------------------------------------------
     0 | D:5      | Reached skill level 9 in Stealth
     0 | D:5      | croobank the Gnoll Delver began the quest for the Orb.
     0 | D:5      | Reached XP level 1. HP: 23/23 MP: 1/1
    36 | D:5      | Noticed an ogre
   160 | D:5      | Noticed a sky beast
   206 | D:3      | Noticed a jelly
   234 | D:3      | Found a faded altar of an unknown god.
   309 | D:3      | Prayed at the altar of an unknown god.
   309 | D:3      | Became a worshipper of Fedhas Madash
   309 | D:3      | Reached * piety under Fedhas
   329 | D:2      | Reached XP level 2. HP: 25/29 MP: 2/2
  1016 | D:1      | Reached XP level 3. HP: 28/35 MP: 3/3
  1021 | D:1      | Reached ** piety under Fedhas
  1893 | D:2      | Reached skill level 1 in Invocations
  2304 | D:2      | Reached skill level 1 in Short Blades
  2304 | D:2      | Reached skill level 1 in Long Blades
  2304 | D:2      | Reached skill level 1 in Maces & Flails
  2304 | D:2      | Reached skill level 1 in Polearms
  2304 | D:2      | Reached skill level 1 in Staves
  2304 | D:2      | Reached skill level 1 in Slings
  2304 | D:2      | Reached skill level 1 in Bows
  2304 | D:2      | Reached skill level 1 in Crossbows
  2304 | D:2      | Reached skill level 1 in Throwing
  2304 | D:2      | Reached skill level 1 in Armour
  2304 | D:2      | Reached skill level 1 in Shields
  2304 | D:2      | Reached skill level 1 in Unarmed Combat
  2304 | D:2      | Reached skill level 1 in Spellcasting
  2304 | D:2      | Reached skill level 1 in Evocations
  2458 | D:2      | Reached XP level 4. HP: 36/41 MP: 5/5
  2633 | D:3      | Found a hazy altar of Hepliaklqana.
  2727 | D:3      | Found Ced Edda's Armour Shop.
  2793 | D:3      | Reached skill level 1 in Conjurations
  2793 | D:3      | Reached skill level 1 in Hexes
  2793 | D:3      | Reached skill level 1 in Summonings
  2793 | D:3      | Reached skill level 1 in Necromancy
  2793 | D:3      | Reached skill level 1 in Translocations
  2793 | D:3      | Reached skill level 1 in Transmutations
  2793 | D:3      | Reached skill level 1 in Fire Magic
  2793 | D:3      | Reached skill level 1 in Ice Magic
  2793 | D:3      | Reached skill level 1 in Air Magic
  2793 | D:3      | Reached skill level 1 in Earth Magic
  2793 | D:3      | Reached skill level 1 in Poison Magic
  2911 | D:3      | Noticed Jessica
  2916 | D:3      | Killed Jessica
  2917 | D:3      | Reached XP level 5. HP: 47/47 MP: 5/7
  2965 | D:3      | Noticed a centaur
  2984 | D:3      | Found an opulent altar of Gozag.
  3229 | D:3      | Killed from afar by a white imp

Illustrated notes

Levels and vault maps discovered:
D:1:      dpeg_arrival_simpleton_c, layout_basic
D:2:      layout_basic
D:3:      layout_loops_corners, mainiacjoe_overflow_brackets,
          old_standard_altar, serial_shops, nicolae_shop_statue_plus,
          basic_ecumenical_altar, uniq_jessica
D:4:      layout_basic, nicolae_overflow_crystal_walls,
          mainiacjoe_overflow_swirl
D:5:      layout_gridville, old_standard_altar, uniq_blork_the_orc, uniq_grinder

Skill      XL: |  1  2  3  4 |
---------------+-------------+-----
Stealth        | |  9.7
Invocations    | 1 |  1.6
Short Blades   | 1 |  1.4
Long Blades    | 1 |  1.4
Maces & Flails | 1 |  1.4
Polearms       | 1 |  1.4
Staves         | 1 |  1.4
Slings         | 1 |  1.4
Bows           | 1 |  1.4
Crossbows      | 1 |  1.4
Throwing       | 1 |  1.4
Armour         | 1 |  1.4
Shields        | 1 |  1.4
Unarmed Combat | 1 |  1.4
Spellcasting   | 1 |  1.4
Evocations     | 1 |  1.4
Conjurations   | 1 |  1.1
Hexes          | 1 |  1.1
Summonings     | 1 |  1.1
Necromancy     | 1 |  1.1
Translocations | 1 |  1.1
Transmutations | 1 |  1.1
Fire Magic     | 1 |  1.1
Ice Magic      | 1 |  1.1
Air Magic      | 1 |  1.1
Earth Magic    | 1 |  1.1
Poison Magic   | 1 |  1.1
Fighting       | |  6.7
Axes           | |  4.8
Dodging        | |  4.8

Action                   |  1- 3 |  4- 6 || total
-------------------------+-------+-------++-------
Melee: Hand axe          |   128 |    49 ||   177
       Bite              |    10 |     5 ||    15
       Punch             |     3 |     2 ||     5
 Fire: Hunting sling     |       |     6 ||     6
  Use: Scroll            |     3 |     3 ||     6
 Stab: Sleeping          |    13 |     5 ||    18
Armor: Leather armour    |    26 |     5 ||    31
Dodge: Dodged            |    88 |    21 ||   109

Table legend: (Time is in decaauts)
 A = Elapsed time spent in this place.
 B = Non-inter-level travel time spent in this place.
 C = Inter-level travel time spent in this place.
 D = Time resting spent in this place.
 E = Time spent auto-exploring this place.
 F = Levels seen in this place.
 G = Mean time per level.
                   A        B        C        D        E       F      G
               +--------+--------+--------+--------+--------+-----+--------+
         Total |   3243 |   3123 |    120 |     87 |   1917 |   5 |  648.6 |
       Dungeon |   3243 |   3123 |    120 |     87 |   1917 |   5 |  648.6 |
               +--------+--------+--------+--------+--------+-----+--------+

Top non-repeatable levels by time:
     D:1: 1353 daAuts
     D:2: 976 daAuts
     D:3: 726 daAuts
     D:5: 162 daAuts
     D:4: 24 daAuts
